TOP OF THE 1ST |
Colorado Commanders batting - Pitching for Seattle Rainiers : LHP Nelson Béltre
|
Pitching: LHP Nelson Béltre
|
|
Batting: RHB Alberto Soto
|
0-0: SINGLE (Line Drive, 7S)
|
Batting: RHB Ricardo Remedios
|
0-0: Ball 1-0: Foul Ball, location: 2F 1-1: SINGLE (Groundball, 15) (infield hit) Alberto Soto to second
|
Batting: RHB Tim Adkins
|
0-0: Called Strike Alberto Soto steals 3rd base Ricardo Remedios to second 0-1: Called Strike 0-2: Ball Wild Pitch! Alberto Soto scores Ricardo Remedios to third 1-2: Foul Ball, location: 2F 1-2: Fly out, F8 (Line Drive, 8RM) Runner from 3rd tags up, SCORES, no throw
|
Batting: RHB Gerald Johnson
|
0-0: Called Strike 0-1: Called Strike 0-2: Ball 1-2: Strikes out swinging
|
Batting: SHB Theodore Cook
|
0-0: Called Strike 0-1: Ground out 4-3 (Groundball, 34)
|
Top of the 1st over - 2 run(s), 2 hit(s), 0 error(s), 0 left on base; Colorado 2 - Seattle 0 |
BOTTOM OF THE 1ST |
Seattle Rainiers batting - Pitching for Colorado Commanders : RHP Ramiro Trujillo
|
Pitching: RHP Ramiro Trujillo
|
|
Batting: RHB Enrique Mendoza
|
0-0: Called Strike 0-1: Ball 1-1: Foul Ball, location: 2F 1-2: Ground out 4-3 (Groundball, 4M)
|
Batting: RHB Alfredo Farías
|
0-0: TRIPLE (Flyball, 9LS)
|
Batting: RHB Robert Marks
|
0-0: Swinging Strike 0-1: Swinging Strike 0-2: Ball 1-2: Ball 2-2: Ball 3-2: Strikes out swinging
|
Batting: LHB Alan Moore
|
0-0: Ball 1-0: Foul Ball, location: 2F 1-1: Ball 2-1: 2-RUN HOME RUN (Flyball, 8LXD), Distance : 438 ft
|
Batting: RHB Vincent Braun
|
0-0: Fly out, F7 (Flyball, 78D)
|
Bottom of the 1st over - 2 run(s), 2 hit(s), 0 error(s), 0 left on base; Colorado 2 - Seattle 2 |
TOP OF THE 2ND |
Colorado Commanders batting - Pitching for Seattle Rainiers : LHP Nelson Béltre
|
Batting: RHB Samuel Pasolini
|
0-0: Called Strike 0-1: Ball 1-1: Ball 2-1: Foul Ball, location: 2F 2-2: Strikes out swinging
|
Batting: LHB Juan Torres
|
0-0: Foul Ball, location: 2F 0-1: SINGLE (Groundball, 15S) (infield hit)
|
Batting: RHB Adam Reeves
|
0-0: Foul Ball, location: 2F 0-1: Foul Ball, location: 2F 0-2: Foul Ball, location: 2F 0-2: Ball 1-2: Foul Ball, location: 2F 1-2: Ball 2-2: Ball 3-2: Strikes out swinging
|
Batting: LHB Michael Barrett
|
0-0: Called Strike 0-1: Ball Passed Ball! Juan Torres to second 1-1: Swinging Strike 1-2: Ball 2-2: Fly out, F7 (Flyball, 78S)
|
Top of the 2nd over - 0 run(s), 1 hit(s), 0 error(s), 1 left on base; Colorado 2 - Seattle 2 |
BOTTOM OF THE 2ND |
Seattle Rainiers batting - Pitching for Colorado Commanders : RHP Ramiro Trujillo
|
Batting: RHB Tony Hernández
|
0-0: Ball 1-0: Fly out, F8 (Flyball, 8RM)
|
Batting: RHB Jeremiah Soto
|
0-0: Foul Ball, location: 2F 0-1: SINGLE (Groundball, 15S) (infield hit)
|
Batting: RHB John Hill
|
0-0: Ball Pickoff Throw to First - Out! 1-0: Ground out 4-3 (Groundball, 4)
|
Bottom of the 2nd over - 0 run(s), 1 hit(s), 0 error(s), 0 left on base; Colorado 2 - Seattle 2 |
TOP OF THE 3RD |
Colorado Commanders batting - Pitching for Seattle Rainiers : LHP Nelson Béltre
|
Batting: RHB Alberto Soto
|
0-0: Called Strike 0-1: Called Strike 0-2: Ball 1-2: Ball 2-2: Fly out, F7 (Flyball, 7S)
|
Batting: RHB Ricardo Remedios
|
0-0: Ball 1-0: Ball 2-0: Ball 3-0: Called Strike 3-1: Foul Ball, location: 2F 3-2: Ground out 6-3 (Groundball, 56)
|
Batting: RHB Tim Adkins
|
0-0: Ball 1-0: Ball 2-0: Called Strike 2-1: Ball 3-1: Base on Balls
|
Batting: RHB Gerald Johnson
|
0-0: Ball Wild Pitch! Tim Adkins to second 1-0: Ball 2-0: Foul Ball, location: 2F 2-1: Foul Ball, location: 2F 2-2: Ball 3-2: Strikes out swinging
|
Top of the 3rd over - 0 run(s), 0 hit(s), 0 error(s), 1 left on base; Colorado 2 - Seattle 2 |
BOTTOM OF THE 3RD |
Seattle Rainiers batting - Pitching for Colorado Commanders : RHP Ramiro Trujillo
|
Batting: RHB Bill Dawson
|
0-0: Foul Ball, location: 2F 0-1: Swinging Strike 0-2: DOUBLE (Flyball, 9LS)
|
Batting: RHB Enrique Mendoza
|
0-0: Fly out, F3 (Popup, 4S)
|
Batting: RHB Alfredo Farías
|
0-0: Ball 1-0: Called Strike 1-1: Ball 2-1: Ball 3-1: Base on Balls
|
Batting: RHB Robert Marks
|
0-0: Ball 1-0: Ball 2-0: Foul Ball, location: 2F 2-1: Swinging Strike 2-2: Fly out, F7 (Flyball, 7LD) Runner from 2nd tags up, SAFE at 3rd, no throw
|
Batting: LHB Alan Moore
|
0-0: Ball 1-0: Foul Ball, location: 2F 1-1: Foul Ball, location: 2F 1-2: Foul Ball, location: 2F 1-2: Foul Ball, location: 2F 1-2: Strikes out looking
|
Bottom of the 3rd over - 0 run(s), 1 hit(s), 0 error(s), 2 left on base; Colorado 2 - Seattle 2 |
TOP OF THE 4TH |
Colorado Commanders batting - Pitching for Seattle Rainiers : LHP Nelson Béltre
|
Batting: SHB Theodore Cook
|
0-0: Ball 1-0: Foul Ball, location: 2F 1-1: Foul Ball, location: 2F 1-2: Strikes out swinging
|
Batting: RHB Samuel Pasolini
|
0-0: Ball 1-0: Called Strike 1-1: Swinging Strike 1-2: Ground out 6-3 (Groundball, 6S)
|
Batting: LHB Juan Torres
|
0-0: Called Strike 0-1: Ground out 5-3 (Groundball, 5L)
|
Top of the 4th over - 0 run(s), 0 hit(s), 0 error(s), 0 left on base; Colorado 2 - Seattle 2 |
BOTTOM OF THE 4TH |
Seattle Rainiers batting - Pitching for Colorado Commanders : RHP Ramiro Trujillo
|
Batting: RHB Vincent Braun
|
0-0: Called Strike 0-1: Ball 1-1: Fly out, F8 (Flyball, 89D)
|
Batting: RHB Tony Hernández
|
0-0: Ball 1-0: Fly out, F9 (Flyball, 9M)
|
Batting: RHB Jeremiah Soto
|
0-0: Called Strike 0-1: Ball 1-1: Called Strike 1-2: Strikes out swinging
|
Bottom of the 4th over - 0 run(s), 0 hit(s), 0 error(s), 0 left on base; Colorado 2 - Seattle 2 |
TOP OF THE 5TH |
Colorado Commanders batting - Pitching for Seattle Rainiers : LHP Nelson Béltre
|
Batting: RHB Adam Reeves
|
0-0: SINGLE (Line Drive, 89S)
|
Batting: LHB Michael Barrett
|
0-0: Ball 1-0: Called Strike 1-1: DOUBLE (Flyball, 9LS) Adam Reeves to third
|
Batting: RHB Alberto Soto
|
0-0: Called Strike 0-1: Foul Ball, location: 2F 0-2: Ball 1-2: Strikes out looking
|
Batting: RHB Ricardo Remedios
|
0-0: Ball 1-0: Ball 2-0: 3-RUN HOME RUN (Flyball, 7D), Distance : 396 ft
|
Batting: RHB Tim Adkins
|
0-0: Ball 1-0: Ball 2-0: Ball 3-0: Called Strike 3-1: Foul Ball, location: 2F 3-2: Ground out U3 (Groundball, 3)
|
Batting: RHB Gerald Johnson
|
0-0: Called Strike 0-1: Called Strike 0-2: Foul Ball, location: 2F 0-2: Fly out, F8 (Popup, 4D)
|
Top of the 5th over - 3 run(s), 3 hit(s), 0 error(s), 0 left on base; Colorado 5 - Seattle 2 |
BOTTOM OF THE 5TH |
Seattle Rainiers batting - Pitching for Colorado Commanders : RHP Ramiro Trujillo
|
Batting: RHB John Hill
|
0-0: Called Strike 0-1: Foul Ball, location: 2F 0-2: Strikes out swinging
|
Batting: RHB Bill Dawson
|
0-0: Swinging Strike 0-1: Ground out 4-3 (Groundball, 13)
|
Batting: RHB Enrique Mendoza
|
0-0: Ground out 5-3 (Groundball, 56)
|
Bottom of the 5th over - 0 run(s), 0 hit(s), 0 error(s), 0 left on base; Colorado 5 - Seattle 2 |
TOP OF THE 6TH |
Colorado Commanders batting - Pitching for Seattle Rainiers : LHP Nelson Béltre
|
Pitching: RHP Jimmy Banks
|
|
Batting: SHB Theodore Cook
|
0-0: Swinging Strike 0-1: Ball 1-1: Ball 2-1: Foul Ball, location: 2F 2-2: Ball 3-2: Foul Ball, location: 2F 3-2: Foul Ball, location: 2F 3-2: Base on Balls
|
Batting: RHB Samuel Pasolini
|
0-0: Foul Ball, location: 2F 0-1: Ball 1-1: DOUBLE (Line Drive, 89M) Theodore Cook to third
|
Batting: LHB Juan Torres
|
0-0: Intentional Walk
|
Batting: RHB Adam Reeves
|
0-0: Grounds into fielders choice 6-2 (Groundball, 6) Samuel Pasolini to third Juan Torres to second
|
Batting: LHB Michael Barrett
|
0-0: Foul Ball, location: 2F 0-1: Foul Ball, location: 2F 0-2: Ball Wild Pitch! Samuel Pasolini scores Juan Torres to third Adam Reeves to second 1-2: Ball 2-2: Ball 3-2: Intentional Walk
|
Batting: RHB Alberto Soto
|
0-0: Swinging Strike 0-1: Foul Ball, location: 2F 0-2: Ball 1-2: Strikes out swinging
|
Batting: RHB Ricardo Remedios
|
0-0: Fly out, F2 (Popup, 2RF)
|
Top of the 6th over - 1 run(s), 1 hit(s), 0 error(s), 3 left on base; Colorado 6 - Seattle 2 |
BOTTOM OF THE 6TH |
Seattle Rainiers batting - Pitching for Colorado Commanders : RHP Ramiro Trujillo
|
Batting: RHB Alfredo Farías
|
0-0: Ball 1-0: Swinging Strike 1-1: Ball 2-1: Ball 3-1: Called Strike 3-2: Ground out U3 (Groundball, 3L)
|
Batting: RHB Robert Marks
|
0-0: Ball 1-0: Foul Ball, location: 2F 1-1: Ground out 4-3 (Groundball, 4)
|
Batting: LHB Alan Moore
|
0-0: DOUBLE (Line Drive, 6D)
|
Batting: RHB Vincent Braun
|
0-0: Ball 1-0: SINGLE (Line Drive, 9LS) Alan Moore to third
|
Batting: RHB Tony Hernández
|
0-0: Ball 1-0: Called Strike 1-1: SINGLE (Groundball, 34D) Alan Moore scores Vincent Braun to second Runner from 2nd tries for 3rd, SAFE, throw made to third
|
Batting: RHB Jeremiah Soto
|
0-0: Ball 1-0: Swinging Strike 1-1: Fly out, F9 (Flyball, 89M)
|
Bottom of the 6th over - 1 run(s), 3 hit(s), 0 error(s), 2 left on base; Colorado 6 - Seattle 3 |
TOP OF THE 7TH |
Colorado Commanders batting - Pitching for Seattle Rainiers : RHP Jimmy Banks
|
Batting: RHB Tim Adkins
|
0-0: Called Strike 0-1: Foul Ball, location: 2F 0-2: DOUBLE (Line Drive, 3D)
|
Batting: RHB Gerald Johnson
|
0-0: Intentional Walk
|
Batting: SHB Theodore Cook
|
0-0: Called Strike 0-1: Foul Ball, location: 2F 0-2: Strikes out looking
|
Batting: RHB Samuel Pasolini
|
0-0: Ball 1-0: Called Strike 1-1: Swinging Strike 1-2: Strikes out swinging
|
Batting: LHB Juan Torres
|
0-0: Ball 1-0: DOUBLE (Flyball, 89XD) Tim Adkins scores Gerald Johnson to third
|
Batting: RHB Adam Reeves
|
0-0: Called Strike 0-1: Ball 1-1: Called Strike 1-2: Ball 2-2: Ball 3-2: Strikes out swinging
|
Top of the 7th over - 1 run(s), 2 hit(s), 0 error(s), 2 left on base; Colorado 7 - Seattle 3 |
BOTTOM OF THE 7TH |
Seattle Rainiers batting - Pitching for Colorado Commanders : RHP Ramiro Trujillo
|
Batting: RHB John Hill
|
0-0: Ball 1-0: Called Strike 1-1: Ball 2-1: Swinging Strike 2-2: Strikes out swinging
|
Batting: RHB Bill Dawson
|
0-0: Ball 1-0: Fly out, F4 (Line Drive, 4M)
|
Batting: RHB Enrique Mendoza
|
0-0: Called Strike 0-1: Foul Ball, location: 2F 0-2: Ball 1-2: Foul Ball, location: 2F 1-2: Ball 2-2: Strikes out swinging
|
Bottom of the 7th over - 0 run(s), 0 hit(s), 0 error(s), 0 left on base; Colorado 7 - Seattle 3 |
TOP OF THE 8TH |
Colorado Commanders batting - Pitching for Seattle Rainiers : RHP Jimmy Banks
|
Pitching: LHP William Gordon
|
|
Batting: LHB Michael Barrett
|
0-0: Called Strike 0-1: Foul Ball, location: 2F 0-2: Ball 1-2: Ball 2-2: Fly out, F7 (Line Drive, 7M)
|
Batting: RHB Alberto Soto
|
0-0: Swinging Strike 0-1: Called Strike 0-2: Fly out, F9 (Flyball, 9M)
|
Batting: RHB Ricardo Remedios
|
0-0: Called Strike 0-1: Foul Ball, location: 2F 0-2: Foul Ball, location: 2F 0-2: Foul Ball, location: 2F 0-2: Strikes out swinging
|
Top of the 8th over - 0 run(s), 0 hit(s), 0 error(s), 0 left on base; Colorado 7 - Seattle 3 |
BOTTOM OF THE 8TH |
Seattle Rainiers batting - Pitching for Colorado Commanders : RHP Ramiro Trujillo
|
Pitching: RHP Tomás Rodríguez
|
|
Batting: RHB Alfredo Farías
|
0-0: Ground out 1-3 (Groundball, 15)
|
Batting: RHB Robert Marks
|
0-0: Ball 1-0: Swinging Strike 1-1: Ground out 5-3 (Groundball, 5L)
|
Batting: LHB Alan Moore
|
0-0: Called Strike 0-1: SINGLE (Flyball, 8LS)
|
Batting: RHB Vincent Braun
|
0-0: Foul Ball, location: 2F 0-1: 2-RUN HOME RUN (Line Drive, 7LD), Distance : 398 ft
|
Batting: RHB Tony Hernández
|
0-0: Ground out 5-3 (Groundball, 5S)
|
Bottom of the 8th over - 2 run(s), 2 hit(s), 0 error(s), 0 left on base; Colorado 7 - Seattle 5 |
TOP OF THE 9TH |
Colorado Commanders batting - Pitching for Seattle Rainiers : LHP William Gordon
|
Pitching: RHP Lúcio Feliciano
|
|
Batting: RHB Tim Adkins
|
0-0: Called Strike 0-1: Ball 1-1: Called Strike 1-2: Ball 2-2: Strikes out swinging
|
Batting: RHB Gerald Johnson
|
0-0: Fly out, F9 (Flyball, 9LM)
|
Batting: SHB Theodore Cook
|
0-0: Fly out, F8 (Line Drive, 8RM)
|
Top of the 9th over - 0 run(s), 0 hit(s), 0 error(s), 0 left on base; Colorado 7 - Seattle 5 |
BOTTOM OF THE 9TH |
Seattle Rainiers batting - Pitching for Colorado Commanders : RHP Tomás Rodríguez
|
Pitching: RHP Sixto García
|
|
Now in LF: Rafael López
|
|
Batting: RHB Jeremiah Soto
|
0-0: Ground out 5-3 (Groundball, 5)
|
Batting: RHB John Hill
|
0-0: Ball 1-0: Ground out 6-3 (Groundball, 6)
|
Batting: RHB Bill Dawson
|
0-0: Called Strike 0-1: Foul Ball, location: 2F 0-2: Ball 1-2: Strikes out swinging
|
Bottom of the 9th over - 0 run(s), 0 hit(s), 0 error(s), 0 left on base; Colorado 7 - Seattle 5 |
|